 Dungeon Crawl Stone Soup version 0.15.0-12-gccce430 (console) character file.

248 gw the Cudgeler (level 5, -5/42 HPs)
             Began as a Minotaur Berserker on Sept 2, 2014.
             Was a Priest of Trog.
             Slain by a gnoll
             ... wielding a +0 halberd
              (9 damage)
             ... on Level 4 of the Dungeon.
             The game lasted 00:01:14 (3483 turns).

gw the Cudgeler (Minotaur Berserker)                Turns: 3483, Time: 00:01:14

HP  -5/42        AC 10     Str 22      XL: 5   Next: 86%
MP   2/2         EV  7     Int  4      God: Trog [***...]
Gold 0           SH  0     Dex 12      Spells:  0 memorised,  4 levels left

rFire  . . .     SeeInvis .     a - +0 mace
rCold  . . .     Clarity  +     b - +0 chain mail
rNeg   . . .     rCorr    .     (no shield)
rPois  .         rRot     .     (helmet restricted)
rElec  .         Spirit   .     (no cloak)
SustAb .         Warding  .     m - +0 pair of gloves
rMut   .         Stasis   .     (no boots)
Gourm  .                        (no amulet)
MR     ++...                    (no ring)
                                (no ring)

@: regenerating, very resistant to hostile enchantments, extremely unstealthy
A: retaliatory headbutt, horns 2, agile 1, clarity, frail 1
a: Burn Spellbooks, Berserk, Trog's Hand, Renounce Religion


You were on level 4 of the Dungeon.
You worshipped Trog.
Trog was most pleased with you.
You were near starving.

You visited 1 branch of the dungeon, and saw 4 of its levels.

Inventory:

Hand weapons
 a - a +0 mace (weapon)
Missiles
 e - 103 stones (quivered)
Armour
 b - a +0 chain mail (worn)
 m - a +0 pair of gloves (worn)
Comestibles
 c - a bread ration
 f - 5 meat rations
 h - a fruit
 n - a slice of pizza
Scrolls
 g - a scroll of remove curse {unknown}
 i - a scroll of identify
Potions
 j - a potion of curing
 k - a potion of restore abilities {unknown}


   Skills:
 + Level 4.8 Fighting
 * Level 5.3 Maces & Flails
 + Level 2.8 Throwing
 + Level 3.9 Armour
 - Level 2.1 Dodging


You had 4 spell levels left.
You didn't know any spells.

Dungeon Overview and Level Annotations

Branches:
Dungeon (4/15)
 Temple: D:4-7

Altars:
Nemelex Xobeh


Innate Abilities, Weirdness & Mutations

You reflexively headbutt those who attack you in melee.
You have a pair of horns on your head.
You are agile. (Dex +2)
You possess an exceptional clarity of mind.
You are frail (-10% HP).


Message History

The gnoll hits you from afar with a spear.
The gnoll hits you but does no damage.
ATTACKING (-1,0)
Your chain mail prevents you from hitting the gnoll.
You headbutt the gnoll.
The gnoll is almost dead.
The gnoll hits you but does no damage.
The gnoll hits you from afar with a spear.
ATTACKING (-1,0)
You hit the gnoll.
You kill the gnoll!
Trog accepts your kill. The gnoll barely misses you.
The gnoll hits you but does no damage.
ATTACKING (-1,0)
The gnoll barely misses you. The gnoll hits you with a spear.
Things that are here:
a club; a gnoll corpse The gnoll hits you with a spear.
You stop butchering the corpse.
The gnoll hits you with a halberd!
You die...

..........#.#
#######.#.#.## #
#......## # #.......###
# #.#....%.$##### #
#.............###### #
#.....)##......#...## #
#.....)..g%..#......# .
.........###gH....#....#
. .##....#.#
#.###.###.#.# . #....#..
#.# #.# #.#.#
.......##.#.# #.###.#.#
...... .#.# .#.#....#
..... ... # #..#..# . ##
.## .#.#....###### ..#
#............# #..#
#####...####.#


You could see 2 gnolls.

Table legend:
 A = Turns spent in this place as a percentage of turns spent in the entire game.
 B = Non-inter-level travel turns spent in this place as a percentage of non-inter-level travel turns spent in the entire game.
 C = Inter-level travel turns spent in this place as a percentage of turns spent in this place.
 D = Turns resting spent in this place as a percentage of non-inter-level travel turns spent in this place.
 E = Turns spent auto-exploring this place as a percentage of non-inter-level travel turns spent in this place.
 F = Non-inter-level travel turns spent in this place divided by the number of levels of this place that you've seen.
                   A       B       C       D       E      F
               +-------+-------+-------+-------+-------+----------------------
         Total | 100.0 | 100.0 |   2.0 |   6.3 |  25.8 | 158.0
       Dungeon | 100.0 | 100.0 |   2.0 |   6.3 |  25.8 | 158.0
               +-------+-------+-------+-------+-------+----------------------

Table legend:
 A = Kills in this place as a percentage of kills in entire the game.
 B = Kills by you in this place as a percentage of kills by you in the entire game.
 C = Kills by friends in this place as a percentage of kills by friends in the entire game.
 D = Other kills in this place as a percentage of other kills in the entire game.
 E = Experience gained in this place as a percentage of experience gained in the entire game.
 F = Experience gained in this place divided by the number of levels of this place that you have seen.
                   A       B       C       D       E      F
               +-------+-------+-------+-------+-------+----------------------
         Total | 100.0 | 100.0 |  -nan |  -nan | 100.0 |  88.8
       Dungeon | 100.0 | 100.0 |  -nan |  -nan | 100.0 |  88.8
               +-------+-------+-------+-------+-------+----------------------

Vanquished Creatures
  An orc wizard (D:3)
  A worker ant (D:4)
  Jessica (D:2)
  3 gnolls
  5 adders
  3 worms
  6 giant geckos
  7 orcs (D:3)
  7 bats
  4 giant cockroaches
  5 hobgoblins
  3 giant newts
  5 goblins
  5 jackals (D:2)
  13 kobolds
  2 quokkas
  2 rats (D:3)
  A rat skeleton (D:4)
74 creatures vanquished.

Notes
Turn   | Place    | Note
--------------------------------------------------------------
     0 | D:1      | gw, the Minotaur Berserker, began the quest for the Orb.
     0 | D:1      | Reached XP level 1. HP: 19/19 MP: 1/1
   394 | D:1      | Reached skill level 4 in Maces & Flails
   408 | D:1      | Reached XP level 2. HP: 27/27 MP: 1/1
   829 | D:2      | Acquired Trog's second power
   843 | D:2      | Reached skill level 1 in Throwing
   919 | D:2      | Reached XP level 3. HP: 33/33 MP: 2/2
   993 | D:2      | Noticed Jessica
   999 | D:2      | Killed Jessica
  1529 | D:2      | Reached XP level 4. HP: 40/40 MP: 2/2
  2054 | D:2      | Gained mutation: You are agile. (Dex +2) [potion of mutation]
  2054 | D:2      | Gained mutation: You possess an exceptional clarity of mind. [potion of mutation]
  2054 | D:2      | Gained mutation: You are frail (-10% HP). [potion of mutation]
  2390 | D:3      | Reached skill level 5 in Maces & Flails
  2480 | D:3      | Reached XP level 5. HP: 41/41 MP: 2/2
  3257 | D:4      | Found a sparkling altar of Nemelex Xobeh.
  3408 | D:4      | Noticed an ogre
  3483 | D:4      | Slain by a gnoll

Action                   |  1- 3 |  4- 6 || total
-------------------------+-------+-------++-------
Melee: Mace              |    54 |    94 ||   148
Throw: Stone             |    80 |    65 ||   145
Invok: Berserk           |     1 |     1 ||     2
       Trog's Hand       |       |     3 ||     3
  Use: Potion            |     2 |     6 ||     8
       Scroll            |     1 |     4 ||     5
  Eat: Chunk             |     3 |     6 ||     9

Vault maps used:
D:1:      lightli_arrival_noodles
D:2:      wad_lake_hut, uniq_jessica
D:3:      minmay_three_crescents
D:4:      minmay_temple_entry_poolview, nemelex_lonely_heart_becter,
          uniq_eustachio
